 Dungeon Crawl Stone Soup version 0.28.0 (webtiles) character file.

Game seed: 6474288044713474220

8929 RighteousDevil the Fighter (level 11, -4/131 HPs)
             Began as an Ogre Monk on Feb 10, 2022.
             Was a High Priest of Jiyva.
             Slain by an orc knight (15 damage)
             ... on level 1 of the Orcish Mines.
             The game lasted 00:23:35 (8717 turns).

RighteousDevil the Fighter (Ogre Monk)              Turns: 8717, Time: 00:23:35

Health: -4/131     AC: 11    Str: 25    XL:     11   Next: 38%
Magic:  12/17      EV: 10    Int: 11    God:    Jiyva [*****.]
Gold:   507        SH:  0    Dex: 11    Spells: 6/10 levels left

rFire   + . .      SeeInvis .   b - +5 war axe (flame)
rCold   . . .      Faith    .   (no shield)
rNeg    . . .      Spirit   .   h - +1 steam dragon scales
rPois   .          Reflect  .   (helmet restricted)
rElec   .          Harm     .   (no cloak)
rCorr   +          Rampage  .   (gloves unavailable)
Will    +....                   (boots unavailable)
Stlth   ++........              j - amulet of the acrobat
HPRegen 1.75/turn               i - ring of protection from fire
MPRegen 0.60/turn               e - +4 ring of protection

@: slimy, calling ooze
A: large, unfitting armour, tough skin 1, strong 2, eyeballs 2, MP-powered wands
a: Renounce Religion, Oozemancy, Slimify


You were on level 1 of the Orcish Mines.
You worshipped Jiyva.
Jiyva was extremely pleased with you.
You visited 3 branches of the dungeon, and saw 12 of its levels.
You also visited: Ossuary.

You collected 507 gold pieces.

Inventory:

Hand Weapons
 a - a +2 mace
 b - a +5 war axe of flaming (weapon)
Missiles
 k - a throwing net
 n - 5 boomerangs
Armour
 g - a +0 troll leather armour
 h - +1 steam dragon scales (worn)
 q - a +0 robe
Jewellery
 c - a ring of magical power
 e - a +4 ring of protection (right hand)
 i - a ring of protection from fire (left hand)
 j - an amulet of the acrobat (around neck)
 p - a ring of ice
 w - an amulet of magic regeneration
Wands
 f - a wand of digging (5)
 r - a wand of flame (10)
Scrolls
 m - 3 scrolls of teleportation
 t - 3 scrolls of fog
Potions
 d - 3 potions of might
 l - 3 potions of lignification {unknown}
 s - a potion of curing
 u - a potion of heal wounds {unknown}
 x - a potion of flight {unknown}


   Skills:
 + Level 14.4 Fighting
 + Level 6.1(8.6) Axes
 - Level 8.5(9.3) Maces & Flails
 - Level 2.6 Dodging
 - Level 1.4 Stealth
 + Level 9.3 Invocations


You had 6 spell levels left.
You knew the following spells:

 Your Spells              Type           Power      Damage    Failure   Level
a - Freeze                Ice            0%         1d3       34%         1
b - Frozen Ramparts       Ice            0%         1d2       71%         3

Your spell library contained the following spells:

 Spells                   Type           Power      Damage    Failure   Level
 Hailstorm                Conj/Ice       0%         3d3       98%         4


Dungeon Overview and Level Annotations

Branches:
Dungeon (9/15)             Temple (1/1) D:5             Orc (2/2) D:9
Ossuary (visited)
   Lair: D:8-11         Elf: Orc:2

Altars:
Ashenzari
Cheibriados
Dithmenos
Elyvilon
Fedhas
Gozag
Hepliaklqana
Kikubaaqudgha
Makhleb
Nemelex Xobeh
Okawaru
Qazlal
Ru
Sif Muna
Trog
Uskayaw
Vehumet
Wu Jian
Xom
Yredelemnul
Zin
The Shining One
Jiyva

Shops:
D:1 :

Annotations:
D:3 1 runed translucent door, SnakkuSnakku7's ghost, amateur KoWr


Innate Abilities, Weirdness & Mutations

You are too large for most types of armour.
You have tough skin. (AC +1)
Your muscles are very strong. (Str +4)
Your body has grown many eyes which may confuse attackers. (Acc +5)
You expend magic power (3 MP) to strengthen your wands.


Message History

The orcs go into a battle-frenzy!
The orc warrior barely misses you. The orc closely misses you.
There is a stone staircase leading down, spattered with blood here.
The orc warrior hits you with a +0 battleaxe!
The orc completely misses you. The orc warrior completely misses you.
The orc warrior completely misses you.
Activating: Oozemancy (1% risk of failure)
Press: ? - help, Dir - look around, f - activate Slime begins to ooze from the nearby walls!
The wall burns the orc warrior!
The orc warrior hits you with a +0 battleaxe!
The walls burn the orc knight!
The orc knight hits you but does no damage.
Unknown command.
Unknown command.
You feel better.
The wall burns the orc warrior!
The orc warrior hits you with a +0 battleaxe!!
* * * LOW HITPOINT WARNING * * *
The walls burn the orc knight!
The orc knight closely misses you.
Unknown command.
Unknown command.
You slash the orc knight! You burn the orc knight.
The orc knight is moderately wounded.
You hit the orc warrior but do no damage.
The wall burns the orc warrior!
The orc warrior hits you with a +0 battleaxe.
* * * LOW HITPOINT WARNING * * *
The walls burn the orc knight!
The orc knight hits you with a +0 war axe!!
* * * LOW HITPOINT WARNING * * *
Unknown command.
Okay, then.
The walls burn the orc wizard!
The wall burns the orc warrior!
The walls burn the orc knight!
A thick mucus forms on your +5 war axe of flaming.
The walls burn the orc warrior!
The orc warrior barely misses you.
The walls burn the orc knight!
The orc knight hits you with a +0 war axe!
You die...

##
##.##
##...#
#....##
#....#
#@o####
#.o...#
###...#
#.oo.##
#o$###
..oo#
#...#
####


You could see an orc knight, an orc warrior (strong) and an orc (strong).

Vanquished Creatures
  A centaur warrior (D:9)
  A deep elf pyromancer (D:9)
  Pikel (D:6)
  An orc sorcerer (Orc:2)
  A manticore (D:9)
  An ugly thing (D:9)
  2 rust devils (D:7)
  A troll (Orc:1)
  Sigmund (D:2)
  A yak (D:9)
  A steam dragon (D:4)
  4 vampire mosquitoes (D:9)
  An acid dragon (D:9)
  11 orc warriors
  2 sky beasts
  2 black bears
  2 ice beasts (D:7)
  3 centaurs
  A necrophage (D:8)
  2 ogres
  A phantom (D:4)
  3 lemures (D:6)
  2 kobold brigands
  2 bullfrogs
  3 wyvern zombies (D:8)
  8 killer bees
  2 howler monkeys
  5 centaur zombies
  8 orc priests
  2 gnoll shamans
  2 hounds
  2 human zombies
  A scorpion zombie (D:5)
  Natasha (thrice) (D:2)
  8 orc wizards
  2 killer bee zombies (D:8)
  2 hound zombies (D:5)
  5 mummies
  4 howler monkey zombies
  9 gnolls
  6 adders
  2 worms (D:3)
  2 dart slugs
  29 orcs
  9 ball pythons
  6 bats
  An endoplasm (D:1)
  5 giant cockroaches
  6 hobgoblins
  A jackal (D:4)
  A quokka (D:2)
  2 frilled lizards
  10 goblins
  A goblin zombie (Ossuary)
  2 hobgoblin zombies (Ossuary)
  11 kobolds
  An orc zombie (Ossuary)
  7 rats (D:1)
216 creatures vanquished.

Vanquished Creatures (others)
  A troll (D:9)
  Edmund (D:6)
  An ogre (D:6)
  A centaur (D:8)
  A phantom (D:5)
  A water moccasin skeleton (D:6)
  A killer bee (D:5)
  A howler monkey (D:9)
  21 jellies
  2 bullfrog skeletons
  An orc priest (D:4)
  4 orc wizards
  A killer bee zombie (D:8)
  A hound zombie (D:5)
  A howler monkey zombie (D:9)
  2 adders (D:5)
  A worm (D:5)
  A dart slug (D:4)
  12 orcs
  2 endoplasms
  3 jackals (D:4)
  A kobold (D:8)
  2 quokkas
63 creatures vanquished.

Grand Total: 279 creatures vanquished

Notes
Turn   | Place    | Note
-------+----------+-------------------------------------------
     0 | D:1      | RighteousDevil the Ogre Monk began the quest for the Orb.
     0 | D:1      | Reached XP level 1. HP: 24/24 MP: 1/1
   336 | D:1      | Reached XP level 2. HP: 18/33 MP: 2/2
   463 | D:1      | Found Huting's Book Shoppe.
   815 | D:1      | Reached XP level 3. HP: 40/40 MP: 3/3
  1073 | D:2      | Reached skill level 5 in Fighting
  1097 | D:2      | Noticed Natasha
  1111 | D:2      | Killed Natasha
  1112 | D:2      | Reached XP level 4. HP: 9/50 MP: 4/4
  1374 | D:2      | Noticed Natasha
  1378 | D:2      | Noticed Sigmund
  1411 | D:2      | HP: 2/50 [poisoned by a goblin]
  1857 | D:2      | Killed Natasha
  2034 | D:2      | Killed Sigmund
  2035 | D:2      | Reached skill level 6 in Fighting
  2035 | D:2      | Reached XP level 5. HP: 52/61 MP: 5/5
  2035 | D:2      | Reached XP level 6. HP: 58/68 MP: 6/6
  2115 | D:2      | Found a faded altar of an unknown god.
  2134 | D:2      | Prayed at the altar of an unknown god.
  2134 | D:2      | Became a worshipper of Jiyva Jaesacia the Shapeless
  2134 | D:2      | Reached * piety under Jiyva
  2134 | D:2      | Reached ** piety under Jiyva
  2138 | D:2      | Reached skill level 7 in Fighting
  2270 | D:2      | Noticed Natasha
  2279 | D:2      | Killed Natasha
  2456 | D:3      | Reached *** piety under Jiyva
  2456 | D:3      | Gained mutation: You expend magic power (3 MP) to
                  | strengthen your wands. [Jiyva's grace]
  2456 | D:3      | Gained mutation: You are somewhat resistant to further
                  | mutation. [Jiyva's grace]
  2456 | D:3      | Gained mutation: You are somewhat resistant to both further
                  | mutation and mutation removal. [Jiyva's grace]
  2456 | D:3      | Gained mutation: You are almost entirely resistant to
                  | further mutation and mutation removal. [Jiyva's grace]
  2515 | D:3      | Found a runed translucent door.
  2518 | D:3      | Noticed SnakkuSnakku7's ghost (amateur KoWr)
  2685 | D:3      | Reached skill level 5 in Maces & Flails
  2899 | D:3      | Found an ornate altar of the Wu Jian Council.
  2902 | D:3      | Reached **** piety under Jiyva
  2955 | D:3      | Found a white marble altar of Elyvilon.
  3377 | D:4      | Noticed a steam dragon
  3434 | D:4      | Killed a steam dragon
  3435 | D:4      | Reached XP level 7. HP: 20/79 MP: 7/7
  3657 | D:4      | Reached skill level 8 in Fighting
  3999 | D:4      | Found a glowing silver altar of Zin.
  4566 | D:5      | Entered Level 5 of the Dungeon
  4616 | D:5      | Reached ***** piety under Jiyva
  4646 | D:5      | Reached skill level 9 in Fighting
  4646 | D:5      | Reached XP level 8. HP: 61/92 MP: 8/8
  4690 | D:5      | Found a staircase to the Ecumenical Temple.
  4722 | Temple   | Entered the Ecumenical Temple
  5154 | D:6      | Lost mutation: You are almost entirely resistant to further
                  | mutation and mutation removal. [Jiyva's grace]
  5154 | D:6      | Lost mutation: You are somewhat resistant to both further
                  | mutation and mutation removal. [Jiyva's grace]
  5154 | D:6      | Lost mutation: You expend magic power (3 MP) to strengthen
                  | your wands. [Jiyva's grace]
  5154 | D:6      | Gained mutation: You expend magic power (3 MP) to
                  | strengthen your wands. [Jiyva's grace]
  5154 | D:6      | Gained mutation: Your flesh is heat resistant. (rF+)
                  | [Jiyva's grace]
  5154 | D:6      | Gained mutation: Your flesh is very heat resistant. (rF++)
                  | [Jiyva's grace]
  5154 | D:6      | Gained mutation: Your flesh is almost immune to the effects
                  | of heat. (rF+++) [Jiyva's grace]
  5173 | D:6      | Identified the +2 helmet of the Grey Skies {rElec Will-
                  | Str+2}
  5177 | D:6      | Found a basalt altar of Yredelemnul.
  5182 | D:6      | Learned a level 1 spell: Freeze
  5186 | D:6      | Learned a level 3 spell: Frozen Ramparts
  5254 | D:6      | Reached skill level 1 in Invocations
  5382 | D:6      | Noticed Pikel
  5401 | D:6      | Killed Pikel
  5402 | D:6      | Reached skill level 10 in Fighting
  5627 | D:6      | Killed Edmund
  5767 | D:7      | Reached XP level 9. HP: 102/102 MP: 11/11
  5810 | D:6      | Noticed a rust devil
  5810 | D:6      | Noticed a rust devil
  5978 | D:7      | Reached skill level 11 in Fighting
  6400 | D:7      | Found a sacrificial altar of Ru.
  6472 | D:7      | Reached skill level 5 in Invocations
  6476 | D:7      | Killed a rust devil
  6478 | D:7      | Killed a rust devil
  6479 | D:7      | Reached skill level 12 in Fighting
  6610 | D:8      | Reached XP level 10. HP: 112/115 MP: 14/14
  6616 | D:8      | Found an ancient bone altar of Kikubaaqudgha.
  6634 | D:8      | Reached skill level 1 in Axes
  6762 | D:8      | Found a glowing golden altar of the Shining One.
  6779 | D:8      | Found a shadowy altar of Dithmenos.
  6782 | D:8      | Found a shimmering blue altar of Sif Muna.
  6833 | D:8      | Found an opulent altar of Gozag.
  6847 | D:8      | Found a sparkling altar of Nemelex Xobeh.
  6860 | D:8      | Found a hide-covered altar of Uskayaw.
  6943 | D:8      | Found a sand-covered staircase.
  6952 | Ossuary  | Entered an ossuary
  7387 | D:9      | Lost mutation: Your flesh is almost immune to the effects
                  | of heat. (rF+++) [Jiyva's grace]
  7387 | D:9      | Lost mutation: Your flesh is very heat resistant. (rF++)
                  | [Jiyva's grace]
  7387 | D:9      | Lost mutation: Your flesh is heat resistant. (rF+) [Jiyva's
                  | grace]
  7387 | D:9      | Lost mutation: You are somewhat resistant to further
                  | mutation. [Jiyva's grace]
  7387 | D:9      | Gained mutation: Your muscles are strong. (Str +2) [Jiyva's
                  | grace]
  7387 | D:9      | Gained mutation: Your muscles are very strong. (Str +4)
                  | [Jiyva's grace]
  7387 | D:9      | Gained mutation: Your body has grown eyes which may confuse
                  | attackers. (Acc +3) [Jiyva's grace]
  7387 | D:9      | Gained mutation: Your body has grown many eyes which may
                  | confuse attackers. (Acc +5) [Jiyva's grace]
  7555 | D:9      | Found an iron altar of Okawaru.
  7715 | D:9      | Found a staircase to the Orcish Mines.
  7950 | D:9      | Reached ****** piety under Jiyva
  7967 | D:9      | Noticed a deep elf pyromancer
  7971 | D:9      | Noticed a centaur warrior
  7978 | D:9      | Killed a centaur warrior
  7979 | D:9      | Reached skill level 13 in Fighting
  7980 | D:9      | Killed a deep elf pyromancer
  8037 | D:9      | Noticed a manticore
  8094 | D:9      | Killed a manticore
  8095 | D:9      | Reached skill level 5 in Axes
  8095 | D:9      | Reached XP level 11. HP: 69/128 MP: 17/17
  8100 | D:9      | Noticed a cyan ugly thing
  8111 | D:9      | Killed a cyan ugly thing
  8179 | D:9      | Reached skill level 14 in Fighting
  8305 | Orc:1    | Entered Level 1 of the Orcish Mines
  8308 | Orc:1    | Noticed an orc warlord
  8402 | D:9      | Slimified an orc warlord
  8402 | D:9      | Noticed an acid blob
  8402 | D:9      | an orc warlord changed into an acid blob
  8530 | Orc:2    | Entered Level 2 of the Orcish Mines
  8641 | Orc:2    | Noticed an orc sorcerer
  8658 | Orc:2    | Noticed a soul eater
  8688 | Orc:1    | Noticed an orc knight
  8703 | Orc:2    | Killed an orc sorcerer
  8717 | Orc:1    | Slain by an orc knight

Illustrated notes

Levels and vault maps discovered:
D:1:      matt_arrival_spirals, layout_basic, serial_shops, shop
D:2:      layout_rooms, ebering_ecumenical_altar_abandoned, st_stairs_2,
          uniq_natasha, uniq_sigmund
D:3:      layout_basic, nicolae_overflow_crystal_walls, elyvilon_altar_5,
          hellmonk_ghost_happy_afterlife
D:4:      layout_basic, zin_scriptorium
D:5:      layout_rooms, minmay_temple_entry_sparse_star, grunt_decor_resistance
D:6:      cheibrodos_iron_armory, layout_loops_cross, old_standard_altar,
          uniq_pikel, uniq_edmund
D:7:      layout_basic, mainiacjoe_overflow_six_doors_small, enter_bailey_5,
          eino_jars
D:8:      layout_gridville, lemuel_mausoleum_altar_kikubaaqudgha, led_sif_book,
          mainiacjoe_overflow_paths, nicolae_overflow_quartered_altars,
          nicolae_ossuary_entry_plus
D:9:      minmay_chambers_of_sevens, layout_irregular_city,
          overflow_temple_1_default
Temple:   dpeg_three_leaves_temple
Orc:1:    layout_diamond_mine
Orc:2:    grunt_orc_tribal_feast, layout_caves, special_room

Skill      XL: |  1  2  3  4  5  6  7  8  9 10 11 |
---------------+----------------------------------+-----
Maces & Flails | 3 4 5 6 7 8 |  8.5
Fighting       | 5 6 7 9 10 12 13 14 | 14.4
Invocations    | 3 6 8 9 |  9.3
Axes           | 5 6 |  6.1
Dodging        | |  2.6
Stealth        | |  1.4

Action                   |  1- 3 |  4- 6 |  7- 9 | 10-12 || total
-------------------------+-------+-------+-------+-------++-------
Melee: Mace              |    93 |    91 |   261 |       ||   445
       Punch             |       |     2 |     1 |     2 ||     5
       War axe           |       |       |    12 |   232 ||   244
Invok: Oozemancy         |       |       |     3 |     2 ||     5
       Slimify           |       |       |       |     2 ||     2
Evoke: Wand              |       |       |     1 |     5 ||     6
  Use: Potion            |     1 |     3 |       |     3 ||     7
       Scroll            |       |     7 |     3 |     3 ||    13
 Stab: Distracted        |       |     1 |       |       ||     1
       Sleeping          |       |     1 |     1 |    10 ||    12
       Confused          |       |       |       |     5 ||     5
Armor: Robe              |    49 |    38 |     1 |       ||    88
       Steam dragon scal |       |       |   144 |   113 ||   257
Dodge: Dodged            |    76 |    69 |   278 |   167 ||   590
